 Dungeon Crawl Stone Soup version 0.29-a0-973-gac7da5f7f0 (webtiles) character file.

Game seed: 8407283198134212551

854 vurker the Insei (level 8, 0/42 HPs)
             Began as a Vine Stalker Enchanter on July 31, 2022.
             Slain by a troll (10 damage)
             ... on level 6 of the Dungeon.
             The game lasted 00:07:35 (4346 turns).

vurker the Insei (Vine Stalker Enchanter)           Turns: 4346, Time: 00:07:36

Health: 0/42       AC: 14    Str: 19    XL:     8   Next: 1%
Magic:  0/22       EV: 21    Int: 20    God:
Gold:   983        SH:  0    Dex: 15    Spells: 11/11 levels left

rFire   . . .      SeeInvis .     - Unarmed
rCold   . . .      Faith    .   (no shield)
rNeg    . . .      Spirit   +   m - +0 plate armour
rPois   .          Reflect  .   f - +3 hat of Pondering {ponderous, Will+ MP+10 Int+5}
rElec   .          Harm     .   (no cloak)
rCorr   .          Rampage  .   (no gloves)
Will    ++...                   h - +0 pair of boots
Stlth   ..........              A - amulet of the acrobat
HPRegen 0.94/turn               r - +4 ring of slaying
MPRegen 0.18/turn               w - +6 ring of strength

@: about to teleport, acrobatic, mesmerised, slow
A: fangs 3, regeneration 1, magic shield, antimagic bite, no potion heal 2
a: no special abilities


You were on level 6 of the Dungeon.
You visited 1 branch of the dungeon, and saw 6 of its levels.

You collected 983 gold pieces.

Inventory:

Hand Weapons
 a - a +2 dagger of venom
   (You took it off a kobold on level 1 of the Dungeon)
Missiles
 n - a throwing net (quivered)
Armour
 f - the +3 hat of Pondering (worn) {ponderous, Will+ MP+10 Int+5}
   (You acquired it on level 5 of the Dungeon)

   Int:       It affects your intelligence (+5).
   MP:        It affects your magic capacity (+10).
   Will:      It increases your willpower.
 h - a +0 pair of boots (worn)
   (You found it on level 1 of the Dungeon)
 m - a +0 plate armour (worn)
   (You found it on level 2 of the Dungeon)
Jewellery
 r - a +4 ring of slaying (left hand)
   (You found it on level 5 of the Dungeon)
 w - a +6 ring of strength (right hand)
   (You found it on level 5 of the Dungeon)
 A - an amulet of the acrobat (around neck)
   (You found it on level 6 of the Dungeon)
 D - a ring of wizardry
   (You found it on level 6 of the Dungeon)
Wands
 b - a wand of light (8)
   (You found it on level 4 of the Dungeon)
 p - a wand of charming (11)
   (You found it on level 3 of the Dungeon)
 u - a wand of roots (17)
   (You found it on level 4 of the Dungeon)
 v - a wand of digging (6)
   (You took it off Ijyb on level 5 of the Dungeon)
Scrolls
 e - 2 scrolls of enchant weapon
 i - 2 scrolls of teleportation
 k - a scroll of poison {unknown}
 l - a scroll of amnesia {unknown}
 x - a scroll of magic mapping
 y - 4 scrolls of identify
 C - a scroll of silence {unknown}
Potions
 c - 2 potions of invisibility
 d - 5 potions of curing
 g - 3 potions of magic
 j - 2 potions of flight {unknown}
 o - 2 potions of attraction {unknown}
 q - a potion of degeneration {unknown}
 s - 2 potions of haste {unknown}
 t - a potion of resistance {unknown}
 z - 2 potions of might {unknown}
 B - 2 potions of heal wounds {unknown}


   Skills:
 + Level 3.9 Fighting
 - Level 0.8 Short Blades
 + Level 1.7 Armour
 + Level 2.5 Dodging
 - Level 3.6 Stealth
 * Level 6.4 Unarmed Combat
 - Level 2.1 Spellcasting
 - Level 3.0 Hexes


You had 11 spell levels left.
You didn't know any spells.
Your spell library contained the following spells:

 Spells                   Type           Power      Damage    Failure   Level
 Sandblast                Erth           4%         2d4       99%         1
 Ensorcelled Hibernation  Hex/Ice        16%        N/A       99%         2
 Confusing Touch          Hex            14%        N/A       99%         3
 Tukima's Dance           Hex            14%        N/A       99%         3
 Passwall                 Tmut/Erth      1%         N/A       100%        2
 Sublimation of Blood     Necr           2%         N/A       100%        2
 Wereblood                Tmut           2%         N/A       100%        2
 Dazzling Flash           Conj/Hex       16%        N/A       100%        3
 Inner Flame              Hex/Fire       8%         N/A       100%        3
 Stone Arrow              Conj/Erth      4%         3d7       100%        3
 Cause Fear               Hex            7%         N/A       100%        4
 Summon Hydra             Summ           1%         N/A       100%        7
 Discord                  Hex            7%         N/A       100%        8


Dungeon Overview and Level Annotations

Branches:
Dungeon (6/15)
 Temple: D:4-7

Altars:
Fedhas
Makhleb
Sif Muna

Shops:
D:5 :

Annotations:
D:6 Maggie, Pikel


Innate Abilities, Weirdness & Mutations

You have razor-sharp teeth.
Your natural rate of healing is unusually fast.
When hurt, damage is shared between your health and your magic reserves.
Your bite disrupts and absorbs the magic of your enemies.
Potions cannot restore your health.


Message History

No target in view!
No target in view!
No target in view!
No target in view!
No target in view!
You climb downwards.
Level annotation: Pikel
There is a stone staircase leading up here.
Found 4 stones.
Found a stone staircase leading up.
Found a scimitar.
Maggie the Vainglorious comes into view.
She is wielding a +0 glaive.
Maggie completely misses you.
A troll comes into view.
The troll shouts!
Maggie misses you.
You punch Maggie! You bite Maggie.
Maggie's magic leaks into the air.
You drain her magic. Maggie barely misses you.
The troll bites you but does no damage. The troll claws you!
The troll closely misses you. The troll attacks as you move away!
The troll bites you but does no damage. The troll claws you.
The troll claws you but does no damage. Maggie barely misses you.
The troll attacks as you move away! The troll bites you!
The troll claws you but does no damage. The troll closely misses you.
The troll attacks as you move away! The troll bites you but does no damage.
The troll claws you but does no damage. The troll barely misses you.
Maggie falters for a moment.
The troll attacks as you move away! The troll bites you!
The troll completely misses you. The troll claws you but does no damage.
Maggie gestures wildly while chanting.
Maggie attempts to bespell you!
You are mesmerised by Maggie!
You cannot move away from Maggie!
You cannot move away from Maggie!
As you read the scroll of teleportation, it crumbles to dust.
You feel strangely unstable. The troll bites you!
The troll claws you but does no damage. x2
You punch the troll! The troll bites you!
* * * LOW HITPOINT WARNING * * *
The troll claws you but does no damage. x2
You hit the troll. Your bite misses the troll.
The troll bites you but does no damage. The troll claws you.
* * * LOW HITPOINT WARNING * * *
The troll claws you!
* * * LOW HITPOINT WARNING * * *
The troll barely misses you. The troll closely misses you.
The troll completely misses you. Maggie completely misses you.
Maggie barely misses you. The troll bites you!
You die...

....####.##.....##.# #...#.....
...... ######......## #..###.....
...#.. ####.............###..⌠..
........#..(........####..#......
####.#..#............##......(...
# #............#...#..#......#
######..#.........#......##....##
#.#..#..............#.#...#....#
.....#..#.....<.@T@.###...##..##
..##.##.#.....####..###.....###
...#........######....#....##
##.....##...####..........##
##...###........)#......##
###....####.#...####.##.##
#....### ####.## ## ## ....## ###
.#.##


You could see Maggie (mesmerising, magic disrupted) and a troll.

Vanquished Creatures
  A water moccasin (D:6)
  2 ogres
  4 lemures (D:5)
  Blork the orc (D:4)
  A scorpion (D:6)
  A howler monkey (D:2)
  2 jellies
  An orc priest (D:4)
  Ijyb (D:5)
  6 iguanas
  An orc wizard (D:3)
  5 adders
  A shadow imp (D:6)
  3 dart slugs
  8 orcs
  5 endoplasms
  2 giant cockroaches
  2 goblins
  7 hobgoblins
  3 jackals (D:5)
  7 kobolds
  2 quokkas (D:1)
  5 ball pythons
  7 bats
  9 frilled lizards
  4 rats
91 creatures vanquished.

Notes
Turn   | Place    | Note
-------+----------+-------------------------------------------
     0 | D:1      | vurker the Vine Stalker Enchanter began the quest for the
                  | Orb.
     0 | D:1      | Reached XP level 1. HP: 9/9 MP: 4/4
   450 | D:1      | Reached skill level 1 in Unarmed Combat
   466 | D:1      | Reached XP level 2. HP: 14/14 MP: 6/6
   529 | D:1      | You fall into a shaft and drop 1 floor!
   671 | D:1      | Found a faded altar of an unknown god.
  1229 | D:1      | Reached skill level 1 in Fighting
  1570 | D:2      | Reached skill level 2 in Unarmed Combat
  1618 | D:2      | Noticed a howler monkey
  1620 | D:2      | Killed a howler monkey
  1621 | D:2      | Reached XP level 3. HP: 18/18 MP: 7/7
  1621 | D:2      | Gained mutation: Your natural rate of healing is unusually
                  | fast. [Vine Stalker growth]
  1621 | D:2      | Reached XP level 4. HP: 22/22 MP: 8/8
  1631 | D:2      | Reached skill level 3 in Unarmed Combat
  2669 | D:3      | Reached XP level 5. HP: 19/26 MP: 4/9
  2758 | D:4      | Reached skill level 4 in Unarmed Combat
  2816 | D:4      | Noticed Blork the orc
  2823 | D:4      | Killed Blork the orc
  2824 | D:4      | Reached XP level 6. HP: 26/32 MP: 7/10
  2904 | D:4      | Reached skill level 5 in Unarmed Combat
  3066 | D:4      | Reached XP level 7. HP: 27/36 MP: 7/11
  3359 | D:5      | Entered Level 5 of the Dungeon
  3388 | D:5      | Identified 2 scrolls of acquirement
  3388 | D:5      | Acquired the +3 hat of Pondering {ponderous, Will+ MP+10
                  | Int+5}
  3388 | D:5      | Found the +3 hat of Pondering {ponderous, Will+ MP+10
                  | Int+5}
  3390 | D:5      | Acquired 510 gold pieces
  3654 | D:5      | Reached skill level 1 in Armour
  3671 | D:5      | Noticed Ijyb
  3678 | D:5      | Killed Ijyb
  3712 | D:5      | Found a blossoming altar of Fedhas.
  3789 | D:5      | Found a shimmering blue altar of Sif Muna.
  3958 | D:5      | Found Fiywuag's Book Boutique.
  4032 | D:6      | Reached skill level 6 in Unarmed Combat
  4152 | D:6      | Found a burning altar of Makhleb.
  4162 | D:6      | Gained mutation: You have razor-sharp teeth. [Vine Stalker
                  | growth]
  4162 | D:6      | Reached XP level 8. HP: 41/42 MP: 12/12
  4254 | D:6      | Noticed Pikel
  4332 | D:6      | Noticed Maggie
  4334 | D:6      | Noticed a troll
  4346 | D:6      | Slain by a troll

Illustrated notes

Levels and vault maps discovered:
D:1:      dpeg_arrival_concentric_ovals, layout_basic,
          hellmonk_ecumenical_altar_arch_garden, serial_forest,
          infiniplex_forest_clump_small, infiniplex_forest_corner_1,
          infiniplex_forest_clump_medium, infiniplex_forest_join,
          infiniplex_forest_clump_tiny, infiniplex_forest_zigzag_2,
          hangedman_decor_slide_cut
D:2:      layout_basic, minmay_tromino_i4
D:3:      layout_rooms, grunt_decor_resistance
D:4:      layout_cave_pools, uniq_blork_the_orc
D:5:      layout_cave_pools, nicolae_overflow_crystal_walls,
          nicolae_sif_muna_little_library, serial_shops, kennysheep_mini,
          uniq_ijyb
D:6:      layout_cave_pools, general_overflow_altar, corexii_leaking_fountain,
          hex_tiny, dreamdust_wishing_well, uniq_maggie, uniq_pikel

Skill      XL: |  1  2  3  4  5  6  7 |
---------------+----------------------+-----
Unarmed Combat | 1 2 3 4 5 6 |  6.4
Fighting       | 1 2 3 |  3.9
Armour         | 1 |  1.7
Dodging        | 2 |  2.5
Short Blades   | |  0.8
Stealth        | |  3.6
Spellcasting   | |  2.1
Hexes          | |  3.0

Action                   |  1- 3 |  4- 6 |  7- 9 || total
-------------------------+-------+-------+-------++-------
Melee: Dagger            |    55 |   111 |    23 ||   189
       Bite              |     8 |    29 |    25 ||    62
       Punch             |     1 |     1 |     3 ||     5
       Unarmed           |       |       |    53 ||    53
  Use: Scroll            |       |       |     9 ||     9
 Stab: Sleeping          |     6 |    17 |     1 ||    24
       Distracted        |     1 |       |       ||     1
Armor: Robe              |     9 |    10 |     4 ||    23
       Plate armour      |       |       |    50 ||    50
Dodge: Dodged            |    39 |    42 |    39 ||   120

Table legend: (Time is in decaauts)
 A = Elapsed time spent in this place.
 B = Non-inter-level travel time spent in this place.
 C = Inter-level travel time spent in this place.
 D = Time resting spent in this place.
 E = Time spent auto-exploring this place.
 F = Levels seen in this place.
 G = Mean time per level.
                   A        B        C        D        E       F      G
               +--------+--------+--------+--------+--------+-----+--------+
         Total |   4401 |   4210 |    191 |      7 |   3380 |   6 |  733.5 |
       Dungeon |   4401 |   4210 |    191 |      7 |   3380 |   6 |  733.5 |
               +--------+--------+--------+--------+--------+-----+--------+

Top non-repeatable levels by time:
     D:1: 1334 daAuts
     D:2: 988 daAuts
     D:5: 734 daAuts
     D:4: 621 daAuts
     D:3: 416 daAuts
     D:6: 305 daAuts
